 Dungeon Crawl Stone Soup version 0.17.0-28-g6e173f8 (webtiles) character file.

616 gorblad the Ruffian (level 7, 0/72 HPs)
             Began as a Troll Abyssal Knight on Dec 1, 2015.
             Was a Priest of Lugonu.
             Slain by a jackal (2 damage)
             ... on level 4 of the Dungeon.
             The game lasted 00:08:17 (3434 turns).

gorblad the Ruffian (Troll Abyssal Knight)          Turns: 3434, Time: 00:08:17

Health: 0/72       AC:  1    Str: 22    XL:     7   Next: 21%
Magic:  7/7        EV: 10    Int:  8    God:    Lugonu [***...]
Gold:   226        SH:  0    Dex: 10    Spells: 0 memorised, 6 levels left

rFire  . . .     SeeInvis .       - Unarmed
rCold  . . .     Clarity  .     a - +0 robe
rNeg   . . .     SustAt   .     (no shield)
rPois  .         Gourm    +     (helmet restricted)
rElec  .         Spirit   .     (no cloak)
rCorr  .         Warding  .     (gloves unavailable)
rMut   .         Stasis   .     (boots unavailable)
MR     .....                    (no amulet)
Stlth  +.........               (no ring)
                                (no ring)

@: corroded equipment, not resistant to hostile enchantments, very unstealthy
A: unfitting armour, claws 3, breathe flames 1, fast metabolism 3, gourmand,
regeneration 2, shaggy fur 1, tough skin 2
a: Depart the Abyss, Bend Space, Banish, Renounce Religion, Breathe Fire


You were on level 4 of the Dungeon.
You worshipped Lugonu.
Lugonu was most pleased with you.
You were very full.

You visited 1 branch of the dungeon, and saw 5 of its levels.
You visited the Abyss 1 time.

You collected 226 gold pieces.

Inventory:

Armour
 a - a +0 robe (worn)
Jewellery
 n - an uncursed ring of stealth {unknown}
Wands
 m - a wand of slowing (20)
Scrolls
 d - 3 scrolls of identify
 f - a scroll of teleportation {unknown}
 g - a scroll of enchant armour {unknown}
 j - a scroll of magic mapping {unknown}
 o - a scroll of remove curse {unknown}
 t - a scroll of fog {unknown}
Potions
 e - a potion of cancellation {unknown}
 i - a potion of lignification {unknown}
 p - a potion of ambrosia {unknown}
 q - a potion of beneficial mutation
 r - 3 potions of agility {unknown}
 v - a potion of flight {unknown}
 w - a potion of haste
Books
 u - a book of Death

   Spells                             Type                      Level
   a - Corpse Rot                     Necromancy                   2
   b - Sublimation of Blood           Necromancy                   2
   c - Agony                          Necromancy                   5
   d - Dispel Undead                  Necromancy                   5
   e - Excruciating Wounds            Charms/Necromancy            5
   f - Bolt of Draining               Conjuration/Necromancy       5
Comestibles
 b - 5 bread rations
 c - 2 meat rations
 h - 3 beef jerkies
 k - a slice of pizza
 l - a fruit


   Skills:
 + Level 5.0 Fighting
 - Level 2.0 Dodging
 + Level 5.8 Unarmed Combat
 - Level 1.9 Invocations


You had 6 spell levels left.
You didn't know any spells.

Dungeon Overview and Level Annotations

Branches:
Dungeon (5/15)             Temple (0/1) D:4

Altars:
Nemelex Xobeh
Trog
Xom


Innate Abilities, Weirdness & Mutations

You are too large for most types of armour.
You have claws for hands.
Your metabolism is lightning-fast.
You like to eat raw meat.
You heal very quickly.
You are covered in fur (AC +1).
You have very tough skin (AC +2).
You can breathe flames.


Message History

There is a stone staircase leading up here.
You see here a jackal corpse.
The jackal bites you.
* * * LOW HITPOINT WARNING * * *
The jackal bites you.
* * * LOW HITPOINT WARNING * * *
The jackal closely misses you. The orc closely misses you.
You climb upwards.
There is a stone staircase leading down here.
The jackal bites you.
* * * LOW HITPOINT WARNING * * *
The worm bites you!
* * * LOW HITPOINT WARNING * * *
The jackal closely misses you.
The jackal bites you but does no damage.
Drink which item? (? for menu, Esc to quit)
It was a potion of beneficial mutation.
Your throat feels hot.
You feel fantastic! The jackal bites you.
You die...

##......# ##...### # ####
##.## # #..## #..# #
##..### ##..# ########
##..>#####...### ##.......
##............#####.#######
####......##.......#
####..@#####.).##
#.hh########## #
##.wo........#######
#.............##...
##########.......##
########### #......##
##.........# ##.....##
##..........# #......##
##...######..# ##.......##


You could see a worm, an orc and 2 jackals.

Vanquished Creatures
  A hippogriff (D:4)
  An ogre (D:4)
  A crimson imp (D:5)
  An orc priest (D:5)
  A jelly (D:5)
  An iguana (D:4)
  A hound (D:5)
  A giant frog skeleton (D:4)
  An orc wizard (D:5)
  2 worker ants
  6 adders
  2 oozes (D:4)
  An adder skeleton (D:4)
  2 giant geckos
  9 orcs
  6 bats
  5 giant cockroaches
  7 hobgoblins
  11 jackals
  A quokka (D:3)
  A ball python (D:1)
  5 giant newts
  5 goblins
  10 kobolds
  A quokka skeleton (D:4)
  9 rats
92 creatures vanquished.

Notes
Turn   | Place    | Note
--------------------------------------------------------------
     0 | Abyss:1  | gorblad the Troll Abyssal Knight began the quest for the Orb.
     0 | Abyss:1  | Reached XP level 1. HP: 22/22 MP: 1/1
   133 | Abyss:1  | Noticed a large abomination
   138 | D:1      | Escaped the Abyss
   368 | D:1      | Reached * piety under Lugonu
   369 | D:1      | Reached XP level 2. HP: 26/29 MP: 2/2
   879 | D:2      | Reached XP level 3. HP: 32/36 MP: 3/3
   887 | D:2      | Found a shimmering altar of Xom.
   980 | D:2      | Reached skill level 3 in Unarmed Combat
  1089 | D:2      | Found a sparkling altar of Nemelex Xobeh.
  1151 | D:2      | Reached ** piety under Lugonu
  1380 | D:3      | Reached XP level 4. HP: 45/45 MP: 4/4
  1785 | D:3      | Found a bloodstained altar of Trog.
  2450 | D:4      | Reached *** piety under Lugonu
  2542 | D:4      | Noticed a hippogriff
  2552 | D:4      | Killed a hippogriff
  2552 | D:4      | Reached skill level 4 in Fighting
  2552 | D:4      | Reached XP level 5. HP: 30/54 MP: 5/5
  2600 | D:4      | Reached XP level 6. HP: 57/62 MP: 6/6
  2889 | D:4      | Noticed an ogre
  2896 | D:4      | Killed an ogre
  2896 | D:4      | Reached skill level 5 in Unarmed Combat
  3352 | D:4      | Found a staircase to the Ecumenical Temple.
  3398 | D:5      | Entered Level 5 of the Dungeon
  3418 | D:5      | Reached XP level 7. HP: 46/71 MP: 7/7
  3427 | D:5      | Reached skill level 5 in Fighting
  3432 | D:4      | HP: 1/72 [worm (9)]
  3434 | D:4      | Gained mutation: You can breathe flames. [potion of beneficial mutation]
  3434 | D:4      | Slain by a jackal

Action                   |  1- 3 |  4- 6 |  7- 9 || total
-------------------------+-------+-------+-------++-------
Melee: Unarmed           |   113 |   153 |    10 ||   276
Invok: Depart the Abyss  |     1 |       |       ||     1
  Use: Scroll            |       |     1 |       ||     1
       Potion            |       |       |     1 ||     1
  Eat: Chunk             |    18 |    17 |       ||    35
